 Dungeon Crawl Stone Soup version 0.21-a0-39-g28ea6b7 (webtiles) character file.

809 tilp the Cleaver (level 7, 0/41 HPs)
             Began as a Gargoyle Fighter on May 31, 2017.
             Was a Follower of Okawaru.
             Slain by an ogre
             ... wielding a +0 giant club
              (6 damage)
             ... on level 5 of the Dungeon.
             The game lasted 00:11:29 (3915 turns).

tilp the Cleaver (Gargoyle Fighter)                 Turns: 3915, Time: 00:11:30

Health: 0/41       AC: 20    Str: 22    XL:     7   Next: 92%
Magic:  7/7        EV:  4    Int:  8    God:    Okawaru [*.....]
Gold:   336        SH:  9    Dex:  9    Spells: 6/6 levels left

rFire    . . .     SeeInvis .   a - +0 war axe
rCold    . . .     Gourm    .   c - +0 shield
rNeg     + . .     Faith    .   y - +0 plate armour
rPois    ∞         Spirit   .   k - +2 helmet
rElec    +         Reflect  .   (no cloak)
rCorr    .         Harm     .   (no gloves)
MR       .....                  n - +0 pair of boots
Stlth    ..........             (no amulet)
Regen    0.2/turn               (no ring)
MPRegen  0.1/turn               (no ring)

@: no status effects
A: negative energy resistance 1, electricity resistance, unbreathing,
petrification resistance, rot immunity, AC +4
a: Heroism, Renounce Religion


You were on level 5 of the Dungeon.
You worshipped Okawaru.
Okawaru was aware of your devotion.
You were not hungry.

You visited 2 branches of the dungeon, and saw 6 of its levels.

You collected 336 gold pieces.

Inventory:

Hand Weapons
 a - a +0 war axe (weapon)
 w - a cursed -3 trident
Missiles
 j - 227 stones (quivered)
Armour
 c - a +0 shield (worn)
 k - a +2 helmet (worn)
 n - a +0 pair of boots (worn)
 x - a +2 scale mail of cold resistance
 y - a +0 plate armour (worn)
 E - a +0 leather armour of cold resistance
Jewellery
 F - an uncursed ring of stealth {unknown}
Wands
 D - a wand of lightning (7/15)
Scrolls
 b - a scroll of fog {unknown}
 g - a scroll of amnesia {unknown}
 h - 3 scrolls of magic mapping
 o - 3 scrolls of teleportation
 r - a scroll of random uselessness {unknown}
 t - a scroll of enchant weapon {unknown}
 u - a scroll of immolation {unknown}
 v - 2 scrolls of fear {unknown}
 z - 3 scrolls of remove curse
 A - a scroll of blinking {unknown}
 B - 2 scrolls of identify
 G - a scroll of noise {unknown}
Potions
 d - 2 potions of might
 e - 3 potions of curing
 i - a potion of haste
 l - 2 potions of flight
 m - a potion of lignification {unknown}
 p - 3 potions of brilliance
 q - 4 potions of heal wounds {unknown}
 s - a potion of agility {unknown}
 C - a potion of berserk rage {unknown}
 H - a potion of mutation {unknown}
Comestibles
 f - 2 bread rations


   Skills:
 - Level 3.2 Fighting
 * Level 8.1 Axes
 - Level 3.2 Armour
 - Level 3.2 Shields


You had 6 spell levels left.
You didn't know any spells.

Dungeon Overview and Level Annotations

Branches:
Dungeon (5/15)             Temple (1/1) D:4

Altars:
Dithmenos
Elyvilon
Fedhas
Gozag
Hepliaklqana
Makhleb
Nemelex Xobeh
Okawaru
Ru
Sif Muna
Vehumet
Xom
Yredelemnul
Zin
Lugonu

Shops:
D:5 =


Innate Abilities, Weirdness & Mutations

You are resistant to torment.
Your stone body is resilient. (AC +4)
You are immune to poison.
You resist negative energy. (rN+)
You are resistant to electric shocks. (rElec)
You can survive without breathing.
You are immune to petrification.
You are immune to rotting.


Message History

The ogre hits you with a giant club.
Your plate armour prevents you from hitting the ogre.
The ogre is lightly wounded.
You block the ogre's attack.
Your plate armour prevents you from hitting the ogre.
The ogre is lightly wounded.
You barely miss the ogre.
The ogre is lightly wounded.
The ogre hits you with a giant club!
You slash the ogre!
The ogre is moderately wounded.
You block the ogre's attack.
You hit the ogre but do no damage.
The ogre is moderately wounded.
The ogre hits you with a giant club!
* * * LOW HITPOINT WARNING * * *
You hit the ogre.
The ogre is heavily wounded.
The ogre hits you with a giant club.
You die...

#.#.# #............###.......##
#.#.# #.######.##### #.###..###
#.#.# #.# #.# #.# #..... #.#.#
#.# #.# #.####.### #.#.## #.#
#.# #......# #....# #.# #.#
#.###### ###..# #.# #.# #.#
####..# #.# #.# #.# ......# #.#
#@# #.# ##.#### #.# #O# #.#
#(######.######.# #.#
#.(((.).......#.#######.########
#.#############.................
#.# ################## #.# ###


You could see an ogre.

Vanquished Creatures
  An ice beast (D:5)
  2 ogres (D:5)
  A centaur (D:5)
  A scorpion (D:4)
  An orc wizard (D:3)
  An orc priest (D:3)
  A bullfrog skeleton (D:5)
  3 worker ants
  Natasha (thrice) (D:3)
  Terence (D:3)
  7 adders
  3 worms
  A dart slug (D:1)
  5 leopard geckos
  9 orcs
  2 giant cockroaches
  5 goblins
  7 hobgoblins
  A quokka (D:4)
  A ball python (D:3)
  7 bats
  9 frilled lizards
  A goblin zombie (D:2)
  5 kobolds
  A leopard gecko zombie (D:3)
  7 rats
86 creatures vanquished.

Vanquished Creatures (others)
  An orc wizard (D:3)
1 creature vanquished.

Grand Total: 87 creatures vanquished

Notes
Turn   | Place    | Note
-------+----------+-------------------------------------------
     0 | D:1      | tilp the Gargoyle Fighter began the quest for the Orb.
     0 | D:1      | Reached XP level 1. HP: 14/14 MP: 1/1
   126 | D:1      | Reached skill level 2 in Axes
   195 | D:1      | Reached XP level 2. HP: 17/19 MP: 2/2
   489 | D:1      | Reached skill level 3 in Axes
   703 | D:2      | Reached XP level 3. HP: 23/23 MP: 3/3
  1066 | D:2      | Found a runed door.
  1067 | D:2      | Noticed a human
  1074 | D:2      | Found a basalt altar of Yredelemnul.
  1372 | D:3      | Reached XP level 4. HP: 26/28 MP: 4/4
  1392 | D:3      | Noticed Natasha
  1404 | D:3      | Killed Natasha
  1404 | D:3      | Reached skill level 4 in Axes
  1437 | D:3      | Noticed Natasha
  1445 | D:3      | Killed Natasha
  1445 | D:3      | Noticed Natasha
  1460 | D:3      | Killed Natasha
  1460 | D:3      | Reached XP level 5. HP: 6/32 MP: 5/5
  1718 | D:3      | Reached skill level 5 in Axes
  1754 | D:3      | Noticed Terence
  1773 | D:3      | Killed Terence
  1780 | D:3      | Reached XP level 6. HP: 25/37 MP: 6/6
  2303 | D:4      | Reached skill level 6 in Axes
  2315 | D:4      | Found a sacrificial altar of Ru.
  2328 | D:4      | Found a staircase to the Ecumenical Temple.
  2351 | Temple   | Entered the Ecumenical Temple
  2444 | Temple   | Became a worshipper of Warmaster Okawaru
  3103 | D:5      | Entered Level 5 of the Dungeon
  3155 | D:5      | Reached XP level 7. HP: 39/41 MP: 7/7
  3168 | D:5      | Reached skill level 7 in Axes
  3193 | D:5      | Reached * piety under Okawaru
  3227 | D:5      | Found a glowing silver altar of Zin.
  3228 | D:5      | Noticed an angel
  3555 | D:5      | Reached skill level 8 in Axes
  3701 | D:5      | Found a shimmering altar of Xom.
  3744 | D:5      | Found Hautod's Jewellery Boutique.
  3915 | D:5      | Slain by an ogre

Vault maps used:
D:1:      lemuel_arrival_hallway, minmay_cupped
D:2:      dk_yredelemnul_ordeal
D:3:      first_bread, uniq_terence, uniq_natasha
D:4:      kennysheep_mini_moat, minmay_temple_entry_mist
D:5:      lemuel_round_altar, zin_angel, serial_shops, nicolae_shop_crystal,
          elyvilon_altar_5
Temple:   kb_corrupted_temple

Skill      XL: |  1  2  3  4  5  6  7 |
---------------+----------------------+-----
Axes           | 2 3 4 5 6 8 |  8.1
Fighting       | |  3.2
Armour         | |  3.2
Shields        | |  3.2

Action                   |  1- 3 |  4- 6 |  7- 9 || total
-------------------------+-------+-------+-------++-------
Melee: War axe           |   137 |   228 |    56 ||   421
Throw: Stone             |       |     6 |       ||     6
  Use: Scroll            |     5 |     2 |       ||     7
  Eat: Chunk             |     2 |     2 |     2 ||     6
       Bread ration      |       |     1 |       ||     1
Armor: Scale mail        |    40 |       |       ||    40
       Chain mail        |    42 |    61 |       ||   103
       Plate armour      |       |    91 |    32 ||   123
Dodge: Dodged            |    49 |    36 |     9 ||    94
Block: Shield            |    62 |   113 |    24 ||   199
